 Dungeon Crawl Stone Soup version 0.22-a0-373-gab1296c (webtiles) character file.

15111 Falco the Impaler (level 12, -6/76 HPs)
             Began as a Tengu Gladiator on Apr 25, 2018.
             Was a High Priest of Okawaru.
             Mangled by an ogre
             ... wielding a +0 giant spiked club
              (20 damage)
             ... on level 2 of the Orcish Mines on Apr 26, 2018.
             The game lasted 01:18:16 (11822 turns).

Falco the Impaler (Tengu Gladiator)                Turns: 11822, Time: 01:18:17

Health: -6/76      AC: 15    Str: 20    XL:     12   Next: 23%
Magic:  15/22      EV: 17    Int: 10    God:    Okawaru [*****.]
Gold:   917        SH: 11    Dex: 17    Spells: 11/11 levels left

rFire    + + .     SeeInvis .   a - +8 trident of the Three Cities {venom, *Rage rF+ Str+3 Stlth+}
rCold    . . .     Gourm    .   F - +1 shield {rN+}
rNeg     + . .     Faith    +   H - +3 leather armour {rF+}
rPois    +         Spirit   .   c - +1 hat
rElec    .         Reflect  .   t - +2 cloak {rPois}
rCorr    +         Harm     .   R - +1 pair of gloves
MR       .....     Rnd*Rage +   (boots unavailable)
Stlth    +++++.....             G - amulet of faith
HPRegen  0.22/turn              m - ring of magical power
MPRegen  0.18/turn              C - ring of resist corrosion

@: heroism, finesse
A: beak, talons 3, able to fly 1
a: Fly, Heroism, Finesse, Renounce Religion


You were on level 2 of the Orcish Mines.
You worshipped Okawaru.
Okawaru was extremely pleased with you.
You were not hungry.

You visited 2 branches of the dungeon, and saw 13 of its levels.
You also visited: Ossuary.

You collected 1007 gold pieces.
You spent 90 gold pieces at shops.

Inventory:

Hand Weapons
 a - the +8 trident of the Three Cities (weapon) {venom, *Rage rF+ Str+3 Stlth+}
   (You found it on level 9 of the Dungeon)

   It poisons the flesh of those it strikes.
   It affects your strength (+3).
   It protects you from fire.
   It may make you go berserk in combat.
   It makes you more stealthy.
 b - a +0 shortbow
 r - a +0 hunting sling
 D - a +0 hunting sling
 E - a +0 long sword of protection
 J - a +2 glaive of flaming
 X - a +4 mace of pain
 Y - a +0 scimitar of electrocution
Missiles
 d - 5 throwing nets (quivered)
 n - 39 poisoned needles
 s - 336 stones
 I - 104 arrows
 P - 2 needles of sleeping
Armour
 c - a +1 hat (worn)
 t - a +2 cloak of poison resistance (worn)
 F - a +1 shield of positive energy (worn)
 H - a +3 leather armour of fire resistance (worn)
 R - a +1 pair of gloves (worn)
Magical Staves
 Z - an uncursed staff of air
Jewellery
 m - a ring of magical power (left hand)
 C - a ring of resist corrosion (right hand)
 G - an amulet of faith (around neck)
Wands
 u - a wand of scattershot (2)
 S - a wand of disintegration (7)
 U - a wand of random effects (41)
Scrolls
 g - 8 scrolls of teleportation
 h - 2 scrolls of blinking
 l - 3 scrolls of torment {unknown}
 q - 5 scrolls of remove curse
 v - 4 scrolls of fog {unknown}
 y - a scroll of summoning {unknown}
 L - 5 scrolls of amnesia {unknown}
 Q - 2 scrolls of magic mapping {unknown}
 W - 2 scrolls of enchant weapon {unknown}
Potions
 e - a potion of ambrosia {unknown}
 i - 4 potions of resistance
 k - a potion of haste {unknown}
 p - 5 potions of brilliance
 w - a potion of magic {unknown}
 x - 2 potions of might {unknown}
 z - a potion of cancellation {unknown}
 A - 3 potions of lignification
 B - 2 potions of berserk rage {unknown}
 K - 2 potions of flight {unknown}
 M - 2 potions of agility {unknown}
 N - 4 potions of degeneration {unknown}
 O - a potion of mutation {unknown}
 V - a potion of experience {unknown}
Miscellaneous
 o - a sack of spiders
Comestibles
 f - 12 rations


   Skills:
 + Level 9.1(14.1) Fighting
 + Level 15.0(20.0) Polearms
 + Level 2.3(7.3) Throwing
 + Level 9.4(14.4) Armour
 + Level 4.8(9.8) Dodging
 + Level 4.4(9.4) Stealth
 + Level 1.0 Evocations


You had 11 spell levels left.
You didn't know any spells.

Dungeon Overview and Level Annotations

Branches:
Dungeon (11/15)            Temple (0/1) D:4            Lair (0/6) D:11
    Orc (2/2) D:11
    Elf: Orc:2

Altars:
Dithmenos
Elyvilon
Fedhas
Gozag
Makhleb
Okawaru
Qazlal
Sif Muna
Trog
Uskayaw
Zin
The Shining One
Beogh

Annotations:
D:7 Joseph


Innate Abilities, Weirdness & Mutations

You have a beak for a mouth.
You have claws for feet.
You can fly.


Message History

You feel better.
Your surroundings suddenly seem different.
You feel like a meek peon again. 2 orcs, 2 orc warriors, an orc wizard and an ogre come into view.
An orc warrior is wielding a hand axe of electrocution.
An orc comes into view. It is wielding a hand axe.
You gain the combat prowess of a mighty hero.
You block the ogre's attack.
You fail to use your ability.
The orc shouts! x2; The orc priest shouts!
The orc wizard shouts!
The orc shouts!
You hear a shout! x3; The orc warrior shouts!
You can now deal lightning-fast blows.
The orc wizard casts a spell.
The orc wizard flickers and vanishes!
Deactivating autopickup; reactivate with Ctrl-A.
The ogre hits you with a giant spiked club!
* * * LOW HITPOINT WARNING * * *
You feel better. You block the orc's attack.
The ogre hits you with a giant spiked club!!
You die...

......o
..........
........o
.........#
...o......
#o.......o.
##oo......o..
#@O.{.....o..##
##o....##.....o##
#..............##
##.........o..((#
#........###..(
...##. #.... .###
#...)o # ##....
###..


You could see 2 orc warriors, an ogre, an orc priest and 3 orcs.

Vanquished Creatures
  The ghost of PopulousWildman the Basher, a journeyman TrMo (D:11)
  The ghost of roflturtle the Grappler, a journeyman DrTm of Okawaru (D:10)
  Erolcha (D:11)
  Harold (D:11)
  A two-headed ogre (D:9)
  Nergalle (D:11)
  The ghost of Synzig the Cruncher, a novice GrGl of Okawaru (D:9)
  Maurice (D:8)
  2 trolls
  Grinder (D:3)
  5 hippogriffs
  Sigmund (D:5)
  4 wyverns
  2 basilisks (D:11)
  7 yaks
  2 hungry ghosts
  A warg (Orc:1)
  Duvessa (D:4)
  4 ice beasts
  A black bear (D:10)
  3 sky beasts
  An eye of draining (D:9)
  9 orc warriors
  4 phantoms
  7 ogres
  3 centaurs
  6 bullfrogs
  2 big kobolds
  A gnoll sergeant (D:10)
  Dowan (D:4)
  5 scorpions
  13 killer bees (D:11)
  8 wights
  A bullfrog zombie (D:11)
  3 hounds
  4 jellies
  A quasit (D:10)
  Crazy Yiuf (D:3)
  10 orc priests
  Jessica (D:3)
  Ijyb (D:3)
  3 worker ants
  4 iguanas
  10 orc wizards
  2 hound skeletons
  13 mummies (Ossuary)
  8 adders
  11 gnolls
  6 shadow imps
  5 oozes (D:10)
  3 worms
  4 dart slugs
  9 leopard geckos
  53 orcs
  2 bats (D:1)
  6 giant cockroaches
  7 goblins
  18 hobgoblins
  6 jackals
  19 kobolds
  8 quokkas
  4 ball pythons
  4 frilled lizards
  A gnoll skeleton (Ossuary)
  A goblin skeleton (Ossuary)
  A jackal skeleton (D:6)
  4 kobold skeletons (Ossuary)
  2 orc skeletons (Ossuary)
  A quokka skeleton (D:5)
  8 rats
  11 rat skeletons (Ossuary)
358 creatures vanquished.

Vanquished Creatures (others)
  A fungus (D:11)
  A plant (D:3)
2 creatures vanquished.

Grand Total: 360 creatures vanquished

Notes
Turn   | Place    | Note
-------+----------+-------------------------------------------
     0 | D:1      | Falco the Tengu Gladiator began the quest for the Orb.
     0 | D:1      | Reached XP level 1. HP: 12/12 MP: 2/2
    59 | D:1      | Reached XP level 2. HP: 17/17 MP: 3/3
   227 | D:1      | Reached skill level 4 in Polearms
   227 | D:1      | Reached XP level 3. HP: 14/21 MP: 4/4
   906 | D:2      | Reached skill level 1 in Armour
   906 | D:2      | Reached XP level 4. HP: 5/27 MP: 5/5
   913 | D:2      | HP: 2/40 [jackal (1)]
  1470 | D:3      | Found Zin's Purification Station.
  1472 | D:3      | Found a glowing silver altar of Zin.
  1478 | D:3      | Bought a potion of curing for 90 gold pieces
  1527 | D:3      | Gained mutation: You can fly. [Tengu growth]
  1527 | D:3      | Reached XP level 5. HP: 14/31 MP: 6/6
  1917 | D:3      | Reached skill level 5 in Polearms
  1976 | D:3      | Noticed Ijyb
  1982 | D:3      | Killed Ijyb
  2095 | D:3      | Noticed Jessica
  2098 | D:3      | Killed Jessica
  2342 | D:3      | Found a runed door.
  2346 | D:3      | Noticed Crazy Yiuf
  2352 | D:3      | Killed Crazy Yiuf
  2352 | D:3      | Reached XP level 6. HP: 22/36 MP: 7/7
  2526 | D:3      | Found a bloodstained altar of Trog.
  2527 | D:3      | Found a white marble altar of Elyvilon.
  2567 | D:3      | Noticed Grinder
  2936 | D:3      | Killed Grinder
  2936 | D:3      | Reached skill level 6 in Polearms
  2936 | D:3      | Reached XP level 7. HP: 38/41 MP: 8/8
  3071 | D:4      | Found a sand-covered staircase.
  3075 | Ossuary  | Entered an ossuary
  3410 | Ossuary  | Reached skill level 1 in Stealth
  3714 | Ossuary  | Reached skill level 1 in Evocations
  3815 | D:4      | Reached skill level 7 in Polearms
  3899 | D:4      | Reached XP level 8. HP: 42/48 MP: 9/9
  3905 | D:4      | Found a shadowy altar of Dithmenos.
  3908 | D:4      | Found a staircase to the Ecumenical Temple.
  4089 | D:4      | Noticed Duvessa
  4091 | D:4      | Noticed Dowan
  4098 | D:4      | Killed Duvessa
  4101 | D:4      | Killed Dowan
  4101 | D:4      | Reached skill level 8 in Polearms
  4223 | D:4      | Noticed a hand axe
  4224 | D:4      | Found a hide-covered altar of Uskayaw.
  4224 | D:4      | Noticed a hand axe
  4683 | D:5      | Entered Level 5 of the Dungeon
  4693 | D:5      | Found an iron altar of Okawaru.
  4775 | D:5      | Became a worshipper of Warmaster Okawaru
  4943 | D:5      | Reached skill level 9 in Polearms
  5386 | D:5      | Noticed Sigmund
  5395 | D:5      | Killed Sigmund
  5395 | D:5      | Reached XP level 9. HP: 53/53 MP: 10/10
  6037 | D:6      | Reached skill level 5 in Fighting
  6053 | D:6      | Reached * piety under Okawaru
  6115 | D:6      | Reached skill level 10 in Polearms
  6928 | D:7      | Noticed Joseph
  7180 | D:8      | Noticed Maurice
  7197 | D:8      | Killed Maurice
  7197 | D:8      | Reached ** piety under Okawaru
  7197 | D:8      | Reached skill level 11 in Polearms
  7197 | D:8      | Reached skill level 5 in Armour
  7805 | D:8      | Reached XP level 10. HP: 53/60 MP: 11/11
  8138 | D:8      | Found a burning altar of Makhleb.
  8139 | D:8      | Found a deep blue altar of Sif Muna.
  8139 | D:8      | Found a glowing golden altar of the Shining One.
  8143 | D:8      | Found an opulent altar of Gozag.
  8278 | D:9      | Found a stormy altar of Qazlal.
  8300 | D:9      | Found a blossoming altar of Fedhas.
  8337 | D:9      | Paralysed by fainting for 9 turns
  8476 | D:9      | Noticed a two-headed ogre
  8496 | D:9      | HP: 1/60 [two-headed ogre/giant club (9)]
  8498 | D:9      | Killed a two-headed ogre
  8498 | D:9      | Reached *** piety under Okawaru
  8498 | D:9      | Reached skill level 12 in Polearms
  9092 | D:9      | Noticed Synzig's ghost (novice GrGl)
  9106 | D:9      | Killed Synzig's ghost
  9106 | D:9      | Received a gift from Okawaru
  9280 | D:9      | Got a smoking trident
  9282 | D:9      | Identified the +8 trident of the Three Cities {venom, *Rage rF+ Str+3 Stlth+} (You found it on level 9 of the Dungeon)
  9326 | D:10     | Entered Level 10 of the Dungeon
  9441 | D:10     | Reached **** piety under Okawaru
  9441 | D:10     | Reached XP level 11. HP: 67/67 MP: 12/12
  9447 | D:10     | Noticed roflturtle's ghost (journeyman DrTm)
  9476 | D:10     | Killed roflturtle's ghost
  9476 | D:10     | Reached skill level 13 in Polearms
  9847 | D:10     | Received a gift from Okawaru
  9905 | D:10     | Reached ***** piety under Okawaru
 10306 | D:11     | Noticed Nergalle
 10312 | D:11     | Found a staircase to the Orcish Mines.
 10329 | D:11     | Killed Nergalle
 10396 | D:11     | Found a roughly hewn altar of Beogh.
 10452 | D:11     | Reached skill level 14 in Polearms
 10493 | D:11     | Received a gift from Okawaru
 10514 | D:11     | Found a staircase to the Lair.
 10579 | D:11     | Noticed Erolcha
 10580 | D:11     | Noticed Harold
 10595 | D:11     | Killed Erolcha
 10610 | D:11     | Killed Harold
 10623 | D:11     | Reached XP level 12. HP: 46/75 MP: 13/13
 10768 | D:11     | Noticed PopulousWildman's ghost (journeyman TrMo)
 10786 | D:11     | Killed PopulousWildman's ghost
 11213 | Orc:1    | Entered Level 1 of the Orcish Mines
 11320 | Orc:1    | Received a gift from Okawaru
 11752 | Orc:2    | Entered Level 2 of the Orcish Mines
 11765 | Orc:2    | Reached skill level 15 in Polearms
 11822 | Orc:2    | Mangled by an ogre

Vault maps used:
D:1:      lightli_arrival_lavapool
D:3:      nicolae_overflow_hidden_temple, zin_purify, serial_forest,
          infiniplex_forest_lined_2, infiniplex_forest_clump_tiny,
          infiniplex_forest_straight_3, infiniplex_forest_straight_2,
          infiniplex_forest_clump_curved, infiniplex_forest_lined_room_2,
          infiniplex_forest_end_2, kennysheep_jessica_study, uniq_grinder,
          uniq_crazy_yiuf_cottage, uniq_ijyb
D:4:      dancing_weapons_uskayaw, minmay_temple_entry_trees,
          nicolae_ossuary_entry_plus, first_ration,
          nicolae_dithmenos_through_a_glass_darkly, uniq_duvessa
D:5:      okawaru_trees_2, uniq_sigmund
D:7:      lemuel_doored_altar, kennysheep_little_box, uniq_joseph
D:8:      minitemple, uniq_maurice
D:9:      grunt_temple_overflow_forces_of_nature
D:10:     serial_glass, glass_columns_a, glass_columns_a,
          hangedman_little_slice_of_home
D:11:     david_lair_generic, minmay_orc_entry_temple_small, uniq_nergalle,
          uniq_erolcha, uniq_harold
Orc:2:    grunt_orc_tribal_feast, serial_shops, shop, shop_statue, shop,
          uniq_donald, uniq_sonja
Ossuary:  ossuary_due_small_catacomb

Skill      XL: |  1  2  3  4  5  6  7  8  9 10 11 12 |
---------------+-------------------------------------+-----
Polearms       | 4 5 6 7 9 11 12 14 15 | 15.0
Armour         | 1 2 3 4 5 7 9 |  9.4
Dodging        | 4 |  4.8
Fighting       | 3 4 5 7 8 9 |  9.1
Stealth        | 2 3 4 |  4.4
Evocations     | 1 |  1.0
Throwing       | |  2.3

Action                   |  1- 3 |  4- 6 |  7- 9 | 10-12 || total
-------------------------+-------+-------+-------+-------++-------
Melee: Trident           |    99 |    66 |       |   359 ||   524
       Kick              |    20 |    27 |    79 |   109 ||   235
       Peck              |     7 |     3 |    55 |    75 ||   140
       Spear             |       |    31 |       |       ||    31
       Halberd           |       |    23 |   390 |   111 ||   524
Throw: Throwing net      |       |     2 |     1 |       ||     3
       Stone             |       |       |     1 |       ||     1
Invok: Heroism           |       |       |       |     2 ||     2
       Finesse           |       |       |       |     1 ||     1
Evoke: Wand              |       |     8 |     2 |       ||    10
       Sack of spiders   |       |       |       |     1 ||     1
  Use: Potion            |     1 |     2 |       |     5 ||     8
       Scroll            |       |     5 |     5 |    12 ||    22
 Stab: Sleeping          |     1 |       |     6 |     2 ||     9
       Held in net/web   |       |       |     1 |       ||     1
       Distracted        |       |       |     1 |     1 ||     2
  Eat: Ration            |       |     2 |     4 |     6 ||    12
       Chunk             |       |       |     2 |       ||     2
Armor: Leather armour    |     9 |     5 |    13 |     9 ||    36
       Skin              |     3 |    13 |       |       ||    16
       Scale mail        |       |     8 |       |       ||     8
       Chain mail        |       |       |    28 |       ||    28
       Plate armour      |       |       |    64 |   128 ||   192
Dodge: Dodged            |    58 |    42 |   113 |   102 ||   315
Block: Shield            |       |       |       |    11 ||    11

Table legend:
 A = Spawn XP
 B = Non-spawn XP
 C = Spawn XP percentage of total XP
 D = Spawn monster count
 E = Non-spawn monster count
 F = Spawn count percentage of total count
 G = Total turns spent on level
                    A         B        C        D         E        F      G
               +---------+---------+-------+---------+---------+-------+---------
         Total |       0 |   21588 |   0.0 |       0 |     358 |   0.0 | 11822
               +---------+---------+-------+---------+---------+-------+---------
           D:1 |       0 |      69 |   0.0 |       0 |      36 |   0.0 |   836
           D:2 |       0 |      83 |   0.0 |       0 |      27 |   0.0 |   616
           D:3 |       0 |     489 |   0.0 |       0 |      21 |   0.0 |  1608
           D:4 |       0 |     753 |   0.0 |       0 |      24 |   0.0 |   885
           D:5 |       0 |     851 |   0.0 |       0 |      21 |   0.0 |   851
           D:6 |       0 |     547 |   0.0 |       0 |      24 |   0.0 |   927
           D:7 |       0 |     633 |   0.0 |       0 |      12 |   0.0 |   711
           D:8 |       0 |    1387 |   0.0 |       0 |      19 |   0.0 |  1036
           D:9 |       0 |    3397 |   0.0 |       0 |      17 |   0.0 |  1118
          D:10 |       0 |    4489 |   0.0 |       0 |      49 |   0.0 |   845
          D:11 |       0 |    7186 |   0.0 |       0 |      57 |   0.0 |  1042
         Orc:1 |       0 |     807 |   0.0 |       0 |       5 |   0.0 |   539
         Orc:2 |       0 |     641 |   0.0 |       0 |      14 |   0.0 |    70
       Ossuary |       0 |     256 |   0.0 |       0 |      32 |   0.0 |   738
               +---------+---------+-------+---------+---------+-------+---------
